 Dungeon Crawl Stone Soup version 0.27.1 (webtiles) character file.

Game seed: 12542689546388663020

2058 Sabo the Chopper (level 9, -1/85 HPs)
             Began as a Troll Fighter on Sept 1, 2021.
             Was an Elder of Wu Jian.
             Slain by Pikel (3 damage)
             ... on level 6 of the Dungeon.
             The game lasted 00:34:28 (5369 turns).

Sabo the Chopper (Troll Fighter)                    Turns: 5369, Time: 00:34:28

Health: -1/85      AC:  4    Str: 29    XL:     9   Next: 5%
Magic:  8/8        EV: 13    Int:  4    God:    Wu Jian [****..]
Gold:   292        SH: 10    Dex:  9    Spells: 8/8 levels left

rFire    . . .     SeeInvis .   f - +0 war axe
rCold    . . .     Faith    .   c - +0 kite shield
rNeg     . . .     Spirit   .   b - +0 robe
rPois    .         Reflect  .   (helmet restricted)
rElec    .         Harm     .   (no cloak)
rCorr    .         Rampage  .   (gloves unavailable)
Will     .....     Rnd*Rage +   (boots unavailable)
Stlth    +.........             w - amulet of the acrobat
HPRegen  1.24/turn              A - ring of flight
MPRegen  0.11/turn              B - +4 ring of evasion

@: flying
A: large, unfitting armour, claws 3, regeneration 1, shaggy fur 1, tough skin 1,
berserk 1, passive freeze
a: Renounce Religion, Wall Jump, Serpent's Lash


You were on level 6 of the Dungeon.
You worshipped Wu Jian.
Wu Jian was greatly pleased with you.
You visited 1 branch of the dungeon, and saw 6 of its levels.

You collected 292 gold pieces.

Inventory:

Hand Weapons
 a - a +0 flail
 e - a +0 morningstar of holy wrath
 f - a +0 war axe (weapon)
 k - the +5 hunting sling "Wynoz" {vorpal, rF++ Dex-4}
   (You found it on level 4 of the Dungeon)

   Any ammunition fired from it inflicts extra damage upon your enemies.
   Dex:       It affects your dexterity (-4).
   rF:        It greatly protects you from fire.
 n - a +1 whip of electrocution
 o - a +0 hunting sling
Missiles
 d - 7 boomerangs
 g - 15 poisoned darts (quivered)
 h - 60 arrows
 j - 63 bolts
 y - 47 sling bullets
Armour
 b - a +0 robe (worn)
 c - a +0 kite shield (worn)
Jewellery
 w - an amulet of the acrobat (around neck)
 A - a ring of flight (left claw)
 B - a +4 ring of evasion (right claw)
Wands
 x - a wand of flame (12)
 F - a wand of digging (4)
Scrolls
 l - a scroll of blinking
 m - 5 scrolls of teleportation
 q - a scroll of torment {unknown}
 r - a scroll of enchant weapon {unknown}
 t - a scroll of vulnerability {unknown}
 z - a scroll of immolation {unknown}
 C - a scroll of fear {unknown}
Potions
 i - a potion of lignification {unknown}
 p - a potion of mutation
 s - a potion of curing {unknown}
 u - a potion of attraction {unknown}
 v - a potion of ambrosia {unknown}
 D - a potion of resistance {unknown}
 E - a potion of invisibility {unknown}


   Skills:
 + Level 4.5 Fighting
 + Level 6.6(6.8) Axes
 + Level 2.6(5.3) Maces & Flails
 + Level 4.9 Dodging
 + Level 0.7 Stealth
 + Level 4.4 Shields


You had 8 spell levels left.
You didn't know any spells.
Your spell library contained the following spells:

 Spells                   Type           Power      Damage    Failure   Level
 Beastly Appendage        Tmut           0%         N/A       83%         1
 Sting                    Tmut/Pois      0%         1d3       83%         1
 Ensorcelled Hibernation  Hex/Ice        0%         N/A       93%         2
 Poisonous Vapours        Pois/Air       0%         N/A       93%         2
 Wereblood                Tmut           0%         N/A       93%         2
 Spider Form              Tmut/Pois      0%         N/A       99%         3
 Tukima's Dance           Hex            0%         N/A       99%         3
 Olgreb's Toxic Radiance  Pois           0%         N/A       100%        4
 Passage of Golubria      Tloc           N/A        N/A       100%        4
 Yara's Violent Unravell  Hex/Tmut       0%         3d3       100%        5
 Shadow Creatures         Summ           N/A        N/A       100%        6


Dungeon Overview and Level Annotations

Branches:
Dungeon (6/15)             Temple (0/1) D:4

Altars:
Makhleb
Ru
Wu Jian

Shops:
D:1 ?

Annotations:
D:6 Pikel


Innate Abilities, Weirdness & Mutations

You are too large for most types of armour.
You have claws for hands.
Your natural rate of healing is unusually fast.
You are covered in fur. (AC +1)
You have tough skin. (AC +1)
You tend to lose your temper in combat.
A frigid envelope surrounds you and freezes all who hurt you.


Message History

You have reached level 9!
Your experience leads to an increase in your attributes!
Increase (S)trength, (I)ntelligence, or (D)exterity?
You feel stronger. x2
You slash the phantom!
You destroy the phantom!
The Council accepts your kill.
You spin and attack Pikel.
You hit Pikel.
Pikel is heavily wounded.
Pikel hits you with a +2 whip of flaming!
* * * LOW HITPOINT WARNING * * *
Pikel burns you.
* * * LOW HITPOINT WARNING * * *
Pikel is very cold.
Pikel is heavily wounded.
You closely miss Pikel.
Pikel is heavily wounded.
Pikel closely misses you.
You slash Pikel!
Pikel is severely wounded.
You barely miss the lemure. The lemure barely misses you.
You block Pikel's attack.
You barely miss Pikel.
Pikel is severely wounded.
You barely miss the lemure. The lemure hits you!
* * * LOW HITPOINT WARNING * * *
The lemure is very cold.
You kill the lemure!
That felt strangely unrewarding.
Pikel cracks his whip.
You block Pikel's attack.
You hit Pikel.
Pikel is almost dead.
You block Pikel's attack. Pikel closely misses you.
You closely miss Pikel.
Pikel is almost dead.
Pikel hits you with a +2 whip of flaming!
* * * LOW HITPOINT WARNING * * *
Pikel burns you.
You die...

...........................
######.......[....!.......#
#.#..............(....
...#.............#####
##.............###
##............#
..............#
#....$.........#
..###...@K.....#
##...†.....# #..<......#
#.........# ##.......##
##.....## #######


You could see Pikel.

Vanquished Creatures
  A wraith (D:5)
  Eustachio (D:4)
  Menkaure (D:5)
  An ice beast (D:5)
  2 necrophages
  An ogre (D:5)
  A phantom (D:6)
  4 lemures (D:6)
  4 scorpions
  6 killer bees (D:5)
  A howler monkey (D:4)
  A bullfrog skeleton (D:5)
  5 orc priests
  A centaur skeleton (D:4)
  3 hounds
  A bullfrog zombie (D:5)
  Ijyb (D:3)
  2 orc wizards
  Natasha (thrice) (D:2)
  A hound zombie (D:5)
  Robin (D:2)
  3 gnolls (D:2)
  3 adders
  A white imp (D:3)
  2 ufetubi
  A worm (D:5)
  2 dart slugs
  12 orcs
  6 bats
  8 endoplasms
  3 giant cockroaches
  14 hobgoblins
  12 jackals
  13 kobolds
  A quokka (D:4)
  6 ball pythons
  8 frilled lizards
  7 goblins
  5 rats
  A spectral goblin (D:1)
150 creatures vanquished.

Notes
Turn   | Place    | Note
-------+----------+-------------------------------------------
     0 | D:1      | Sabo the Troll Fighter began the quest for the Orb.
     0 | D:1      | Reached XP level 1. HP: 22/22 MP: 0/0
   304 | D:1      | Found a faded altar of an unknown god.
   323 | D:1      | Became a worshipper of the Wu Jian Council
   323 | D:1      | Reached * piety under Wu Jian
   350 | D:1      | Reached XP level 2. HP: 28/29 MP: 1/1
   502 | D:1      | Found Zekhlut's Magic Scroll Shop.
   663 | D:1      | Reached XP level 3. HP: 36/36 MP: 2/2
  1405 | D:2      | Reached ** piety under Wu Jian
  1626 | D:2      | Reached XP level 4. HP: 14/44 MP: 3/3
  1812 | D:2      | Noticed Robin
  1813 | D:2      | Reached skill level 1 in Axes
  1829 | D:2      | Killed Robin
  2003 | D:2      | Noticed Natasha
  2011 | D:2      | Killed Natasha
  2012 | D:2      | Reached XP level 5. HP: 48/50 MP: 4/4
  2052 | D:2      | Noticed Natasha
  2056 | D:2      | Killed Natasha
  2118 | D:2      | Noticed Natasha
  2132 | D:2      | Killed Natasha
  2133 | D:2      | Reached skill level 2 in Axes
  2511 | D:3      | Reached *** piety under Wu Jian
  2614 | D:3      | Noticed Ijyb
  2621 | D:3      | Paralysed by Ijyb for 3 turns
  2629 | D:3      | Paralysed by Ijyb for 6 turns
  2679 | D:3      | Killed Ijyb
  2680 | D:3      | Reached XP level 6. HP: 19/59 MP: 5/5
  3305 | D:4      | Reached skill level 3 in Axes
  3322 | D:4      | Noticed Eustachio
  3341 | D:4      | Killed Eustachio
  3342 | D:4      | Reached XP level 7. HP: 33/67 MP: 6/6
  3437 | D:4      | Found a staircase to the Ecumenical Temple.
  3795 | D:4      | Reached skill level 4 in Axes
  3953 | D:4      | Identified the +5 hunting sling "Wynoz" {vorpal, rF++
                  | Dex-4}
  4176 | D:4      | Gained mutation: You tend to lose your temper in combat.
                  | [potion of mutation]
  4176 | D:4      | Gained mutation: A frigid envelope surrounds you and
                  | freezes all who hurt you. [potion of mutation]
  4179 | D:5      | Entered Level 5 of the Dungeon
  4329 | D:5      | Found a burning altar of Makhleb.
  4466 | D:5      | Noticed Menkaure
  4483 | D:5      | Killed Menkaure
  4484 | D:5      | Reached XP level 8. HP: 53/78 MP: 7/7
  4531 | D:5      | Found a sacrificial altar of Ru.
  4564 | D:5      | Reached skill level 5 in Axes
  4567 | D:5      | Reached **** piety under Wu Jian
  4784 | D:5      | Reached skill level 6 in Axes
  5348 | D:6      | Noticed Pikel
  5363 | D:6      | Reached XP level 9. HP: 13/85 MP: 8/8
  5369 | D:6      | HP: 2/85 [Pikel (7)]
  5369 | D:6      | Slain by Pikel

Illustrated notes

Levels and vault maps discovered:
D:1:      elethiomel_arrival_infinity_welcomes_careful_drivers, layout_basic,
          dreamdust_ecumenical_altar_drowned_temple, serial_shops,
          shop_fountains, supply_closet_lemuel, roderic_roman_lattice,
          chequers_jeans
D:2:      layout_basic, minmay_tetromino_s4, uniq_robin, uniq_natasha
D:3:      layout_rooms, uniq_ijyb
D:4:      layout_gridville, minmay_temple_entry_proselytizer, uniq_eustachio
D:5:      layout_cave_pools, makhleb_blood_cavern_becter,
          lemuel_coloured_pillars_altar, serial_column_ruins,
          column_ruins_open_tiny, column_ruins_grid_1, column_ruins_grid_1,
          column_ruins_open_tiny, column_ruins_corridor_straight,
          column_ruins_columns_straight, column_ruins_open_large, minmay_puff,
          uniq_menkaure
D:6:      layout_rooms, fedhas_altar_decomposition,
          nicolae_qazlal_style_of_elements, kennysheep_mini,
          nicolae_dithmenos_the_darkroom, wad_floor_pattern_untrapped,
          uniq_pikel, uniq_edmund

Skill      XL: |  1  2  3  4  5  6  7  8 |
---------------+-------------------------+-----
Maces & Flails | 2 |  2.6
Dodging        | 3 4 |  4.9
Axes           | 1 2 3 4 6 |  6.6
Shields        | 3 4 |  4.4
Fighting       | 3 4 |  4.5
Stealth        | |  0.7

Action                   |  1- 3 |  4- 6 |  7- 9 || total
-------------------------+-------+-------+-------++-------
Melee: Flail             |    98 |       |       ||    98
       War axe           |    28 |   232 |   165 ||   425
Throw: Dart              |       |     5 |       ||     5
Invok: Lunge             |    12 |    11 |     9 ||    32
       Whirlwind         |     4 |     7 |    13 ||    24
  Use: Scroll            |     1 |     3 |       ||     4
       Potion            |     1 |     1 |     1 ||     3
 Stab: Sleeping          |       |     1 |       ||     1
Armor: Robe              |    65 |    84 |    43 ||   192
Dodge: Dodged            |    57 |    79 |    94 ||   230
Block: Kite shield       |    77 |   130 |   111 ||   318
